 Dungeon Crawl Stone Soup version 0.18.1-48-g4cf74bf (webtiles) character file.

116 Heedrag the Conjurer (level 4, -4/24 HPs)
             Began as a Deep Elf Conjurer on July 29, 2016.
             Shot with an arrow by a centaur (11 damage)
             ... on level 4 of the Dungeon.
             The game lasted 00:02:50 (1314 turns).

Heedrag the Conjurer (Deep Elf Conjurer)            Turns: 1314, Time: 00:02:50

Health: -4/24      AC:  3    Str:  6    XL:     4   Next: 69%
Magic:  12/12      EV: 13    Int: 20    God:
Gold:   80         SH:  0    Dex: 15    Spells: 2 memorised, 8 levels left

rFire  . . .     SeeInvis .     e - +0 dagger
rCold  . . .     Gourm    .     g - +0 robe (curse)
rNeg   . . .     Faith    .     (no shield)
rPois  .         Spirit   .     (no helmet)
rElec  .         Dismiss  .     (no cloak)
rCorr  .         Reflect  .     m - +0 pair of gloves
SustAt .         Harm     .     (no boots)
MR     .....                    (no amulet)
Stlth  ++........               (no ring)
                                (no ring)

@: not resistant to hostile enchantments, unstealthy
A: no striking features
a: no special abilities


You were on level 4 of the Dungeon.
You were not hungry.

You visited 1 branch of the dungeon, and saw 3 of its levels.

You collected 80 gold pieces.

Inventory:

Hand Weapons
 e - a +0 dagger (weapon)
Armour
 a - a +0 robe
 g - a cursed +0 robe (worn)
 m - a +0 pair of gloves (worn)
Wands
 l - a wand of iceblast (4/15)
Scrolls
 f - a scroll of enchant armour {unknown}
 i - a scroll of enchant weapon {unknown}
 j - 2 scrolls of fog {unknown}
 k - a scroll of identify {unknown}
Potions
 d - a potion of berserk rage {unknown}
 h - 2 potions of curing {unknown}
Books
 b - a book of Conjurations

   Spells                             Type                      Level
   a - Magic Dart                     Conjuration                  1
   b - Searing Ray                    Conjuration                  2
   c - Dazzling Spray                 Conjuration/Hexes            3
   d - Fulminant Prism                Conjuration/Hexes            4
   e - Iskenderun's Mystic Blast      Conjuration                  4
   f - Iskenderun's Battlesphere      Conjuration/Charms           5
Comestibles
 c - 2 bread rations
 n - a slice of pizza
 o - a chunk of flesh


   Skills:
 - Level 2.4 Dodging
 - Level 2.4 Stealth
 + Level 4.5 Spellcasting
 * Level 6.0 Conjurations


You had 8 spell levels left.
You knew the following spells:

 Your Spells              Type           Power        Failure   Level  Hunger
a - Magic Dart            Conj           ####         1%          1    None
b - Dazzling Spray        Conj/Hex       ###...       12%         3    ##.....


Dungeon Overview and Level Annotations

Branches:
Dungeon (2/15)

Altars:
Pakellas


Message History

Yer Conjurations skill increases ta level 6!
Ye see 'ere a worker ant corpse.
Ye butcher tha worker ant corpse.
o - 2 chunks o' flesh Unknown command.
Ye start restin'.
Eatin' 'un o' 2 chunks o' flesh. 'tis raw flesh tastes terrible.
Ye continue eatin'. x2
Magic restored.
A centaur comes inta view.
Tha centaur shouts!
Tha centaur wields a shortbow.
Tha centaur shoots an arrow.
Tha arrow hits ye!
Ouch! Tha re'lly hurt!
* * * LOW HITPOINT WARNIN'
* * * Ye see 'ere an arrow.
Tha centaur shoots an arrow.
Tha arrow closely misses ye.
Ye see 'ere an arrow.
A jackal comes inta view.
Tha centaur shoots an arrow.
Tha arrow hits ye!
Ye die...

#.# #.# ######.# #.#
.....#.# #.# ####.#.#
#.# #.#.########.#
#............########
#...#######..........
#...########.#########
#...#........@...hh...
#...#.######(######...
##.## #.# #.. #.# ###
#c. #.. .... #...
##.##


You could see a centaur and 2 jackals.

Vanquished Creatures
  A hound (D:4)
  Ijyb (D:2)
  A worker ant (D:4)
  A howler monkey skeleton (D:4)
  A worm (D:2)
  A dart slug (D:1)
  2 bats
  4 goblins (D:1)
  3 hobgoblins (D:1)
  A jackal (D:1)
  3 giant newts
  2 kobolds
  5 rats
26 creatures vanquished.

Notes
Turn   | Place    | Note
--------------------------------------------------------------
     0 | D:1      | Heedrag the Deep Elf Conjurer began the quest for the Orb.
     0 | D:1      | Reached XP level 1. HP: 10/10 MP: 6/6
   114 | D:1      | Reached XP level 2. HP: 15/15 MP: 0/8
   316 | D:1      | Reached skill level 5 in Conjurations
   764 | D:2      | Found an oddly glowing altar of Pakellas.
   950 | D:2      | Noticed Ijyb
   963 | D:2      | Killed Ijyb
   963 | D:2      | Reached XP level 3. HP: 19/19 MP: 0/10
   968 | D:2      | Learned a level 3 spell: Dazzling Spray
  1043 | D:2      | You fall through a shaft for 2 floors!
  1195 | D:4      | Reached XP level 4. HP: 17/24 MP: 7/12
  1260 | D:4      | Reached skill level 6 in Conjurations
  1311 | D:4      | Noticed a centaur
  1314 | D:4      | Shot with an arrow by a centaur

Skill      XL: |  1  2  3  4 |
---------------+-------------+-----
Conjurations   | 5 6 |  6.0
Spellcasting   | 4 |  4.5
Dodging        | |  2.4
Stealth        | |  2.4

Action                   |  1- 3 |  4- 6 || total
-------------------------+-------+-------++-------
Melee: Dagger            |     5 |       ||     5
 Cast: Magic Dart        |    63 |     8 ||    71
 Stab: Sleeping          |     1 |       ||     1
  Eat: Chunk             |       |     1 ||     1
Armor: Robe              |     5 |       ||     5
Dodge: Dodged            |    13 |     3 ||    16
